 Dungeon Crawl Stone Soup version 0.29-a0-813-g4a14ea37d6 (webtiles) character file.

Game seed: 10783498950411065255

102463 dolemite99 the Grappler (level 15, -6/156 HPs)
             Began as a Troll Abyssal Knight on July 5, 2022.
             Was a Priest of Lugonu.
             Killed from afar by a will-o-the-wisp (20 damage)
             ... with a foxfire
             ... on level 4 of the Swamp.
             The game lasted 00:48:17 (35747 turns).

dolemite99 the Grappler (Troll Abyssal Knight)     Turns: 35747, Time: 00:48:18

Health: -6/156     AC: 16    Str: 29    XL:     15   Next: 86%
Magic:  21/21      EV: 16    Int:  6    God:    Lugonu [***...]
Gold:   514        SH: 16    Dex: 18    Spells: 14/14 levels left

rFire   . . .      SeeInvis .     - Unarmed
rCold   . . .      Faith    .   L - +5 kite shield of Quiet Fog {Slay+2}
rNeg    . . .      Spirit   .   g - +4 steam dragon scales
rPois   .          Reflect  .   p - +2 hat
rElec   .          Harm     .   s - +2 cloak
rCorr   .          Rampage  .   (gloves unavailable)
Will    +....                   (boots unavailable)
Stlth   ++........              C - amulet of the acrobat
HPRegen 1.16/turn               R - +4 ring of evasion
MPRegen 0.17/turn               N - +6 ring of dexterity

@: no status effects
A: large, unfitting armour, claws 3, regeneration 1, shaggy fur 1, tough skin 1
a: Renounce Religion, Depart the Abyss, Bend Space, Banish


You were on level 4 of the Swamp.
You worshipped Lugonu.
Lugonu was most pleased with you.
You visited 5 branches of the dungeon, and saw 28 of its levels.
You visited the Abyss 2 times.

You collected 2561 gold pieces.
You spent 2047 gold pieces at shops.

Inventory:

Missiles
 f - 8 curare-tipped darts
 j - 22 poisoned darts
 r - 3 silver javelins
 A - 3 silver boomerangs
 I - 8 javelins
 K - 10 boomerangs
 M - 6 large rocks (quivered)
Armour
 g - +4 steam dragon scales (worn)
 p - a +2 hat (worn)
 s - a +2 cloak (worn)
 y - a scarf of fire resistance
 L - the +5 kite shield of Quiet Fog (worn) {Slay+2}
   (You found it on level 6 of the Lair of Beasts)

   Slay:      It affects your accuracy & damage with ranged weapons and melee
   (+2).
Magical Staves
 a - a staff of poison
 o - a staff of air
 X - a staff of death
Jewellery
 u - a ring of protection from cold
 z - a ring of wizardry
 C - an amulet of the acrobat (around neck)
 N - a +6 ring of dexterity (right claw)
 R - a +4 ring of evasion (left claw)
 S - a ring of see invisible
 V - a ring of protection from fire
Wands
 m - a wand of flame (44)
 n - a wand of paralysis (20)
 J - a wand of digging (4)
 O - a wand of polymorph (11)
 Z - a wand of mindburst (3)
Scrolls
 b - 12 scrolls of teleportation
 c - 11 scrolls of poison
 e - 2 scrolls of blinking
 l - a scroll of magic mapping
 v - 10 scrolls of identify {@r1}
 x - 2 scrolls of fear
 D - 3 scrolls of vulnerability
 F - 4 scrolls of silence
 G - a scroll of enchant armour
 P - 3 scrolls of fog
 U - a scroll of torment
Potions
 d - 7 potions of attraction
 h - 14 potions of curing
 i - 10 potions of lignification
 k - 5 potions of brilliance
 q - 2 potions of might
 t - 5 potions of flight
 w - 2 potions of heal wounds
 B - 3 potions of haste
 E - 3 potions of cancellation
 Q - 3 potions of magic
Miscellaneous
 H - a condenser vane (inert)
 T - a phial of floods (inert)
 W - a phial of floods (inert)


   Skills:
 - Level 12.0 Fighting
 + Level 11.7 Throwing
 - Level 6.5 Dodging
 - Level 8.3 Shields
 - Level 13.2 Unarmed Combat
 - Level 9.7 Invocations
 - Level 7.7 Evocations


You had 14 spell levels left.
You didn't know any spells.
Your spell library contained the following spells:

 Spells                   Type           Power      Damage    Failure   Level
 Blink                    Tloc           0%         N/A       83%         2
 Sublimation of Blood     Necr           0%         N/A       83%         2
 Wereblood                Tmut           0%         N/A       83%         2
 Ignite Poison            Fire/Tmut/Pois 0%         N/A       96%         3
 Mephitic Cloud           Conj/Pois/Air  0%         N/A       96%         3
 Portal Projectile        Hex/Tloc       0%         N/A       96%         3
 Tukima's Dance           Hex            0%         N/A       96%         3
 Cause Fear               Hex            0%         N/A       100%        4
 Corpse Rot               Necr/Pois/Air  0%         N/A       100%        4
 Dispel Undead            Necr           0%         3d6       100%        4
 Passage of Golubria      Tloc           0%         N/A       100%        4
 Blade Hands              Tmut           0%         N/A       100%        5
 Fireball                 Conj/Fire      0%         3d3       100%        5
 Freezing Cloud           Conj/Ice/Air   0%         6-21      100%        5
 Iskenderun's Battlesphe  Conj           0%         2d6       100%        5
 Manifold Assault         Tloc           0%         N/A       100%        5
 Silence                  Hex/Air        0%         N/A       100%        5
 Summon Forest            Summ/Tloc      0%         N/A       100%        5
 Summon Mana Viper        Hex/Summ       0%         N/A       100%        5
 Conjure Ball Lightning   Conj/Air       0%         3x3d6     100%        6
 Death Channel            Necr           0%         N/A       100%        6
 Dispersal                Tloc           0%         N/A       100%        6
 Summon Cactus Giant      Summ           0%         N/A       100%        6
 Dragon Form              Tmut           0%         N/A       100%        7
 Orb of Destruction       Conj           0%         9d5       100%        7
 Storm Form               Tmut/Air       0%         N/A       100%        7
 Summon Hydra             Summ           0%         N/A       100%        7
 Disjunction              Tloc           0%         N/A       100%        8
 Lehudib's Crystal Spear  Conj/Erth      0%         10d2      100%        8
 Dragon's Call            Summ           0%         N/A       100%        9


Dungeon Overview and Level Annotations

Branches:
Dungeon (15/15)            Temple (0/1) D:6            Lair (6/6) D:9
  Swamp (4/4) Lair:2        Snake (1/4) Lair:3        Slime (0/5) Lair:6
    Orc (2/2) D:9             Elf (0/3) Orc:2        Vaults (0/5) D:13
 Depths: D:15

Altars:
Ashenzari
Cheibriados
Fedhas
Nemelex Xobeh
Okawaru
Qazlal
Ru
Sif Muna
Trog
Yredelemnul
Zin
The Shining One
Jiyva
Lugonu

Shops:
D:1 **:?   D:5 (   D:6 *   D:8 *   D:14 :   Orc:2 [[[?[   Snake:1 !

Portals:
Abyss: Lair:6

Annotations:
D:10 corrupted
D:12 corrupted
Lair:1 1 runed translucent door, Jethan's ghost, journeyman DjHW
Lair:2 corrupted
Lair:4 corrupted, exclusion: 2 oklob plants
Lair:5 1 runed translucent door, Devyomi's ghost, journeyman GrBe
Lair:6 3 runed translucent doors, corrupted, Bunu's ghost, journeyman TeAE; Gadusic's ghost, journeyman GnWr; Xipnofec's ghost, journeyman DEHW
Swamp:2 corrupted
Swamp:3 corrupted
Orc:2 corrupted
Abyss:1 Donald; Lodul; Snorg


Innate Abilities, Weirdness & Mutations

You are too large for most types of armour.
You have claws for hands.
Your natural rate of healing is unusually fast.
You are covered in fur. (AC +1)
You have tough skin. (AC +1)


Message History

The will-o-the-wisp conjures some foxfire! 2 foxfires come into view.
The foxfire hits you! The foxfire hits you!!
The will-o-the-wisp gestures.
The will-o-the-wisp conjures some foxfire! 2 foxfires come into view.
The will-o-the-wisp gives a chilling moan.
The foxfire hits you!! The foxfire hits you!
The will-o-the-wisp gestures.
The will-o-the-wisp conjures some foxfire! 2 foxfires come into view.
Clouds of poison gas condense around you!
The condenser dries out!
The foxfire hits you! x2; The swamp worm is poisoned.
You feel much better.
The swamp worm is engulfed in poison gas.
The swamp worm looks even sicker.
You feel much better. The swamp worm bites you!
The will-o-the-wisp engulfs you!
You closely miss the swamp worm.
The swamp worm is lightly wounded.
You block the swamp worm's attack. You block the will-o-the-wisp's attack.
The will-o-the-wisp engulfs you but does no damage.
An alligator zombie comes into view.
You mangle the swamp worm!!
The swamp worm is almost dead.
The swamp worm bites you.
The will-o-the-wisp gestures.
The will-o-the-wisp conjures some foxfire!
The will-o-the-wisp gestures.
The will-o-the-wisp conjures some foxfire! 4 foxfires come into view.
You scratch the swamp worm.
You kill the swamp worm!
Lugonu accepts your kill. The foxfire hits you! The foxfire hits you!!
* * * LOW HITPOINT WARNING * * *
The foxfire hits you!!
* * * LOW HITPOINT WARNING * * *
The foxfire hits you!!
You die...

.≈♣≈§≈.≈....≈ .≈ ≈♣
♣≈≈≈≈≈...≈♣ .≈.≈ .≈
♣.≈≈≈≈.♣.≈♣ ♣≈≈≈ ≈≈♣♣
♣.≈..§.≈≈≈♣♣♣≈≈≈ ≈
♣≈≈♣♣....≈≈.≈≈≈♣≈≈§. ≈≈§
♣♣..♣....≈≈≈≈≈≈≈≈≈.≈
≈..≈♣.♣≈♣♣..≈.≈..≈≈≈≈≈≈≈
♣♣..≈.≈≈≈.≈≈≈≈§..≈≈§.♣
♣≈..v@§≈≈≈.≈♣♣♣♣†..!..
....≈§v§v≈≈♣♣♣♣ ♣♣♣≈..≈
♣.$§♣§§§§≈≈♣ ♣.≈≈≈
...§§§§§≈≈≈.♣ ♣≈.♣.≈.
♣#≈§§.§§≈≈.$♣ ♣♣♣♣♣♣♣
♣≈≈§§≈≈≈≈≈≈.♣ ♣≈
#≈≈..≈≈≈§≈≈≈. ♣♣
≈≈≈...≈..≈≈≈≈§ ♣≈
..♣......≈≈≈≈ ♣≈


You could see 2 will-o-the-wisps.

Vanquished Creatures
  Jorgrun (Snake:1)
  Gastronok (D:9)
  An eleionoma (Swamp:1)
  Fannar (D:12)
  5 boulder beetles
  A hydra (D:14)
  2 centaur warriors (D:13)
  6 vault guards (D:13)
  A naga warrior (Snake:1)
  4 anacondas (Snake:1)
  2 tengu warriors (D:12)
  2 alligators (Swamp:4)
  4 thrashing horrors (Lair:6)
  A two-headed ogre (D:10)
  3 death yaks
  2 shock serpents (Snake:1)
  A large abomination (Lair:6)
  A goliath frog (Swamp:1)
  A naga ritualist (Snake:1)
  3 swamp dragons
  2 spriggan druids
  4 bog bodies
  Pikel (D:6)
  3 deep elf pyromancers
  2 mana vipers (Snake:1)
  2 orc sorcerers (Orc:1)
  A deep elf zephyrmancer (D:14)
  2 manticores (D:11)
  3 will-o-the-wisps
  5 ugly things
  2 salamanders (Snake:1)
  4 cyclopes
  9 elephants
  An elephant (shapeshifter) (Lair:6)
  7 black mambas
  Joseph (D:7)
  A smoke demon (Lair:6)
  Maurice (D:10)
  2 naga magi (Snake:1)
  2 gargoyles (D:11)
  9 cane toads
  2 unseen horrors
  3 rime drakes
  Maggie (D:6)
  An efreet (D:15)
  A yaktaur (shapeshifter) (D:15)
  2 swamp worm zombies (Swamp:4)
  An ancient zyme (Lair:6)
  4 kobold demonologists
  6 komodo dragons
  A meliai (D:13)
  A meliai (shapeshifter) (D:14)
  2 trolls
  7 tyrant leeches
  A polar bear (Lair:6)
  6 hornets
  An alligator zombie (Swamp:4)
  A hornet (shapeshifter) (D:15)
  Prince Ribbit (D:7)
  36 blink frogs
  2 slime creatures (D:12)
  19 dream sheep
  2 shadows (D:11)
  3 small abominations (Lair:6)
  8 spriggans
  3 vampires
  3 wraiths
  9 wyverns
  Sigmund (D:4)
  2 ynoxinuls (Lair:6)
  36 yaks
  A steam dragon (D:9)
  3 basilisks
  4 vampire mosquitoes (D:11)
  A chaos spawn (Lair:6)
  9 swamp worms
  2 acid dragons
  9 nagas
  16 water moccasins
  A sky beast (D:8)
  16 orc warriors
  An ice beast (D:6)
  2 black bears
  10 ogres
  3 boggarts (D:15)
  14 wolves (Lair:3)
  15 centaurs
  2 kobold brigands (D:10)
  A phantom (D:7)
  A gnoll sergeant (D:11)
  13 bullfrogs
  A necrophage (D:5)
  3 scorpions
  3 wights (D:8)
  4 killer bees (D:8)
  6 electric eels
  4 howler monkeys
  3 hounds
  2 jellies (D:5)
  12 orc priests
  An iguana (D:6)
  21 orc wizards
  7 hell rats (Lair:1)
  4 gnolls (D:11)
  5 adders
  A shadow imp (D:7)
  2 white imps
  An ufetubus (D:5)
  2 worms
  A dart slug (D:1)
  54 orcs
  7 ball pythons
  4 endoplasms
  2 giant cockroaches (D:1)
  8 goblins
  9 hobgoblins
  2 jackals (D:1)
  14 kobolds
  3 quokkas (D:1)
  6 bats
  5 frilled lizards
  7 rats
601 creatures vanquished.

Vanquished Creatures (others)
  Aizul (Swamp:3)
  An orc warlord (Orc:2)
  A ghoul (Swamp:2)
  2 eleionomae (Swamp:3)
  A bunyip (Swamp:2)
  2 centaur warriors (D:12)
  2 hydras
  A two-headed ogre (D:10)
  An alligator (Swamp:3)
  2 goliath frogs (Swamp:2)
  A bog body (Swamp:2)
  2 swamp dragons (Swamp:2)
  2 orc knights (Orc:2)
  A cyclops (D:12)
  An orc sorcerer (Orc:2)
  An ugly thing (D:12)
  A manticore (D:12)
  A will-o-the-wisp (Swamp:2)
  2 smoke demons (Lair:6)
  3 cane toads
  A gargoyle (D:12)
  An ancient zyme (Lair:6)
  2 trolls (D:12)
  3 tyrant leeches
  2 bloated husks
  A polar bear (Lair:4)
  A large abomination (Lair:6)
  2 hornets (Swamp:2)
  5 slime creatures (D:12)
  16 blink frogs
  3 spriggans
  A vampire (D:10)
  A yak (Lair:4)
  A basilisk (Lair:6)
  7 vampire mosquitoes
  6 swamp worms
  A warg (Orc:2)
  3 water moccasins (Lair:4)
  15 orc warriors (Orc:2)
  A swamp drake (Swamp:3)
  A black bear (Lair:4)
  An ogre (Orc:2)
  10 centaurs
  2 bullfrogs (Lair:4)
  4 small abominations (Lair:6)
  3 necrophages (Swamp:2)
  An iguana (Lair:2)
  6 orc wizards
  11 orcs
  15 foxfires
  32 fungi
  56 plants
  16 starspawn tentacles
260 creatures vanquished.

Grand Total: 861 creatures vanquished

Notes
Turn   | Place    | Note
-------+----------+-------------------------------------------
     0 | Abyss:1  | dolemite99 the Troll Abyssal Knight began the quest for the
                  | Orb.
     0 | Abyss:1  | Reached XP level 1. HP: 22/22 MP: 1/1
    39 | Abyss:1  | Noticed an eye of devastation
    54 | Abyss:1  | Noticed a small abomination
    57 | D:1      | Escaped the Abyss
   309 | D:1      | Found Onimn's Assorted Antiques.
   348 | D:1      | Reached XP level 2. HP: 28/29 MP: 2/2
   432 | D:1      | Reached skill level 3 in Unarmed Combat
   451 | D:1      | Found Jeunigee's General Store.
   635 | D:1      | Found Qiba's Book Emporium.
   697 | D:1      | Reached XP level 3. HP: 29/36 MP: 3/3
   766 | D:1      | Found Julof's Magic Scroll Boutique.
   848 | D:1      | Found a faded altar of an unknown god.
   897 | D:2      | Reached *** piety under Lugonu
   928 | D:2      | Reached skill level 4 in Unarmed Combat
  1215 | D:2      | Reached XP level 4. HP: 43/44 MP: 4/4
  2177 | D:3      | Found a snail-covered altar of Cheibriados.
  2177 | D:3      | Found a bloodstained altar of Trog.
  2178 | D:3      | Found an iron altar of Okawaru.
  2178 | D:3      | Found a stormy altar of Qazlal.
  2180 | D:3      | Found a broken altar of Ashenzari.
  2180 | D:3      | Found a sacrificial altar of Ru.
  2181 | D:3      | Found a shimmering blue altar of Sif Muna.
  2296 | D:3      | You fall into a shaft and drop 2 floors!
  2296 | D:5      | Entered Level 5 of the Dungeon
  2351 | D:5      | Reached skill level 5 in Unarmed Combat
  2492 | D:5      | Noticed a centaur
  2502 | D:5      | Killed a centaur
  2503 | D:5      | Reached XP level 5. HP: 47/50 MP: 5/5
  2624 | D:4      | Noticed Sigmund
  2632 | D:4      | Killed Sigmund
  2633 | D:4      | Reached skill level 6 in Unarmed Combat
  2633 | D:4      | Reached XP level 6. HP: 59/59 MP: 6/6
  3324 | D:5      | Reached skill level 7 in Unarmed Combat
  3748 | D:4      | Reached XP level 7. HP: 42/66 MP: 7/7
  4377 | D:5      | Found Dimnuceul's Antique Weapon Shoppe.
  4388 | D:5      | Reached skill level 8 in Unarmed Combat
  4402 | D:5      | Reached **** piety under Lugonu
  4770 | D:6      | Found a staircase to the Ecumenical Temple.
  4778 | D:6      | Found a glowing golden altar of the Shining One.
  4876 | D:6      | Noticed Maggie
  4883 | D:6      | Reached skill level 9 in Unarmed Combat
  4900 | Abyss:1  | Cast into level 1 of the Abyss (Maggie)
  4902 | D:6      | Escaped the Abyss
  4905 | D:6      | Killed Maggie
  4906 | D:6      | Reached XP level 8. HP: 27/74 MP: 6/8
  5183 | D:6      | Reached skill level 10 in Unarmed Combat
  5204 | D:6      | Found Munyoboc's Serpentskin Sales.
  5208 | D:6      | Bought 4 poisoned darts for 17 gold pieces
  5208 | D:6      | Bought 6 curare-tipped darts for 39 gold pieces
  5208 | D:6      | Bought 6 poisoned darts for 26 gold pieces
  5208 | D:6      | Bought a scroll of poison for 38 gold pieces
  5257 | D:6      | Noticed Pikel
  5275 | D:6      | Killed Pikel
  5326 | D:6      | Found a basalt altar of Yredelemnul.
  5459 | D:6      | Found a sparkling altar of Nemelex Xobeh.
  5567 | D:7      | Reached skill level 5 in Invocations
  5711 | D:7      | Reached XP level 9. HP: 73/80 MP: 12/12
  5727 | D:7      | Noticed Joseph
  5754 | D:7      | Killed Joseph
  6314 | D:7      | Noticed Prince Ribbit
  6339 | D:7      | Killed Prince Ribbit
  7951 | D:8      | Found Cicvuq's Fire Supplies.
  7959 | D:8      | Bought a scarf of fire resistance for 156 gold pieces
  8474 | D:9      | Reached XP level 10. HP: 88/88 MP: 16/16
  8664 | D:9      | Found a staircase to the Lair.
  8836 | D:9      | Reached skill level 5 in Fighting
  8910 | D:9      | Noticed Gastronok
  9272 | D:9      | Killed Gastronok
  9816 | D:9      | Found a staircase to the Orcish Mines.
  9989 | D:10     | Entered Level 10 of the Dungeon
 10113 | D:10     | Noticed a rust devil
 10133 | D:10     | Noticed a smoke demon
 10137 | D:10     | Noticed an orange demon
 10138 | D:10     | Noticed a soul eater
 10142 | D:10     | Reached XP level 11. HP: 101/109 MP: 15/17
 10373 | D:10     | Noticed a two-headed ogre
 10383 | D:10     | Killed a two-headed ogre
 10428 | D:10     | Noticed a two-headed ogre
 10450 | D:10     | Corrupted D:10
 10450 | D:10     | Noticed a starcursed mass
 10451 | D:10     | Noticed a thrashing horror
 10453 | D:10     | Killed a two-headed ogre
 10546 | D:10     | Reached skill level 5 in Dodging
 10670 | D:10     | Noticed Lodul
 10675 | D:10     | Banished Lodul
 10909 | D:10     | Found a glowing silver altar of Zin.
 11464 | D:11     | Noticed a boulder beetle
 11752 | D:11     | Killed a boulder beetle
 11753 | D:11     | Reached skill level 11 in Unarmed Combat
 11887 | D:11     | Found a frozen archway.
 12444 | D:11     | Reached skill level 12 in Unarmed Combat
 13263 | D:11     | Noticed a cyan ugly thing
 13267 | D:11     | Banished a cyan ugly thing
 13268 | D:11     | Reached XP level 12. HP: 119/119 MP: 13/18
 13374 | D:11     | Noticed Maurice
 13390 | D:10     | Killed Maurice
 13391 | D:10     | Found a blossoming altar of Fedhas.
 14033 | D:1      | Bought a scroll of teleportation for 54 gold pieces
 14033 | D:1      | Bought a scroll of teleportation for 54 gold pieces
 14033 | D:1      | Bought 2 inky potions for 32 gold pieces
 14033 | D:1      | Bought a shiny bone wand for 72 gold pieces
 14058 | D:1      | Bought a scroll of teleportation for 33 gold pieces
 14058 | D:1      | Bought a potion of curing for 33 gold pieces
 14058 | D:1      | Bought a potion of berserk rage for 55 gold pieces
 14058 | D:1      | Bought a scroll of blinking for 82 gold pieces
 14140 | D:1      | Bought a scroll of teleportation for 39 gold pieces
 14490 | Lair:1   | Entered Level 1 of the Lair of Beasts
 14680 | Lair:1   | Found a runed translucent door.
 14683 | Lair:1   | Noticed Jethan's ghost (journeyman DjHW)
 14923 | Lair:1   | Reached skill level 1 in Throwing
 16027 | Lair:2   | Reached skill level 5 in Throwing
 16531 | Lair:2   | Corrupted Lair:2
 16531 | Lair:2   | Noticed a blizzard demon
 16570 | Lair:2   | Killed a four-headed hydra
 16852 | Lair:2   | Noticed a six-headed hydra
 16861 | Lair:2   | Banished a six-headed hydra
 16928 | Lair:2   | Found a staircase to the Swamp.
 17433 | Lair:3   | Noticed a seven-headed hydra
 17450 | Lair:3   | Reached skill level 1 in Evocations
 17452 | Lair:3   | Banished a seven-headed hydra
 17644 | Lair:3   | Found a staircase to the Snake Pit.
 17976 | Lair:3   | Reached XP level 13. HP: 128/128 MP: 19/19
 18089 | Lair:3   | Reached skill level 5 in Evocations
 18884 | Lair:4   | Found a blossoming altar of Fedhas.
 18972 | Lair:4   | Corrupted Lair:4
 18972 | Lair:4   | Noticed a tentacled starspawn
 18972 | Lair:4   | Noticed a dread lich
 18972 | Lair:4   | Noticed a bunyip
 18980 | Lair:4   | Paralysed by something for 4 turns
 18981 | Lair:4   | Noticed a balrug
 18983 | Lair:4   | Noticed a Tzitzimitl
 18985 | Lair:4   | Noticed a Tzitzimitl
 20423 | Lair:5   | Found a runed translucent door.
 20427 | Lair:5   | Identified the +4 trident of Nightmares {venom, Will+}
 20931 | Lair:5   | Noticed Devyomi's ghost (journeyman GrBe)
 21034 | Lair:6   | Entered Level 6 of the Lair of Beasts
 21167 | Lair:6   | Found a viscous altar of Jiyva.
 21167 | Lair:6   | Found a staircase to the Slime Pits.
 21223 | Lair:5   | Reached skill level 10 in Fighting
 21560 | Lair:6   | Found a runed translucent gate.
 21561 | Lair:6   | Found a runed translucent gate.
 21563 | Lair:6   | Found a runed translucent gate.
 21564 | Lair:6   | Noticed Bunu's ghost (journeyman TeAE)
 21564 | Lair:6   | Noticed Gadusic's ghost (journeyman GnWr)
 21564 | Lair:6   | Noticed Xipnofec's ghost (journeyman DEHW)
 21787 | Lair:6   | Reached XP level 14. HP: 144/144 MP: 20/20
 22037 | Lair:6   | Corrupted Lair:6
 22037 | Lair:6   | Noticed a tentacled starspawn
 22038 | Lair:6   | Noticed a tentacled starspawn
 22039 | Lair:6   | Noticed a starcursed mass
 22044 | Lair:6   | Noticed a tentacled starspawn
 22050 | Lair:6   | Noticed a starcursed mass
 22058 | Lair:6   | Noticed a tentacled starspawn
 22061 | Lair:6   | Noticed a cacodemon
 22478 | Lair:6   | Found a corrupted altar of Lugonu.
 22504 | Lair:6   | Reached skill level 13 in Unarmed Combat
 22808 | Lair:6   | Found a one-way gate to the infinite horrors of the Abyss.
 22821 | Lair:6   | Identified the +5 kite shield of Quiet Fog {Slay+2}
 22973 | Lair:6   | Reached skill level 1 in Shields
 23623 | D:12     | Corrupted D:12
 23623 | D:12     | Noticed a starcursed mass
 23623 | D:12     | Noticed a balrug
 23623 | D:12     | Noticed a lich
 23625 | D:12     | Noticed a tentacled monstrosity
 23625 | D:12     | Noticed a reaper
 23645 | D:12     | Noticed a starcursed mass
 23658 | D:12     | Noticed an Executioner
 23849 | D:12     | Noticed Fannar
 23873 | D:12     | Killed Fannar
 24376 | Orc:1    | Entered Level 1 of the Orcish Mines
 24473 | Orc:1    | Reached skill level 5 in Shields
 24731 | Orc:2    | Entered Level 2 of the Orcish Mines
 24734 | Orc:2    | Noticed an orc warlord
 24737 | Orc:2    | Corrupted Orc:2
 24737 | Orc:2    | Noticed a green very ugly thing
 24737 | Orc:2    | Noticed a tentacled starspawn
 24737 | Orc:2    | Noticed a starcursed mass
 24742 | Orc:2    | Killed an orc warlord
 24779 | Orc:2    | Noticed a tentacled starspawn
 24781 | Orc:2    | Noticed a starcursed mass
 25362 | Orc:2    | Noticed Snorg
 25372 | Orc:2    | Found Siolelou's Armour Shoppe.
 25379 | Orc:2    | Banished Snorg
 25457 | Orc:2    | Found a bloodstained altar of Trog.
 25552 | Orc:2    | Found a staircase to the Elven Halls.
 25947 | Orc:2    | Found Etamecis's Armour Shoppe.
 25947 | Orc:2    | Found Wiciutuh's Armour Shop.
 25949 | Orc:2    | Found Poir's Antique Armour Boutique.
 25951 | Orc:2    | Found Aneada Otiu's Magic Scroll Emporium.
 25963 | Orc:2    | Bought a glowing cloak for 195 gold pieces
 25984 | Orc:2    | Bought a scroll of blinking for 105 gold pieces
 25984 | Orc:2    | Bought a scroll of teleportation for 42 gold pieces
 25984 | Orc:2    | Bought a scroll of poison for 49 gold pieces
 25987 | Orc:2    | Bought a scroll of identify for 28 gold pieces
 25987 | Orc:2    | Bought a scroll of identify for 28 gold pieces
 25987 | Orc:2    | Bought a scroll of identify for 28 gold pieces
 25991 | Orc:2    | Bought a scroll of torment for 105 gold pieces
 26283 | D:13     | Found a gate to the Vaults.
 27550 | D:14     | Found a bloodstained altar of Trog.
 27761 | D:14     | Found a broken altar of Ashenzari.
 27789 | D:14     | Reached XP level 15. HP: 130/156 MP: 16/21
 28138 | D:14     | Found Moahekue's Book Shop.
 28601 | D:15     | Entered Level 15 of the Dungeon
 29589 | D:6      | Bought a staff of poison for 275 gold pieces
 29798 | Snake:1  | Entered Level 1 of the Snake Pit
 29901 | Snake:1  | Noticed Jorgrun
 29915 | Snake:1  | Killed Jorgrun
 30294 | Snake:1  | Found Biej's Distillery.
 30307 | Snake:1  | Bought a potion of heal wounds for 70 gold pieces
 30307 | Snake:1  | Bought 2 potions of curing for 84 gold pieces
 30307 | Snake:1  | Bought a potion of haste for 140 gold pieces
 30307 | Snake:1  | Bought a potion of lignification for 42 gold pieces
 30307 | Snake:1  | Bought a potion of lignification for 42 gold pieces
 30307 | Snake:1  | Bought 2 potions of attraction for 84 gold pieces
 31427 | Swamp:1  | Entered Level 1 of the Swamp
 31446 | Lair:2   | HP: 6/156 [poison (poison gas)]
 32768 | Swamp:1  | Reached skill level 10 in Throwing
 33632 | Swamp:2  | Corrupted Swamp:2
 34696 | Swamp:3  | Noticed Aizul
 34700 | Swamp:3  | Corrupted Swamp:3
 34700 | Swamp:3  | Noticed a bone dragon
 34700 | Swamp:3  | Noticed a tentacled starspawn
 34701 | Swamp:3  | Noticed a tentacled starspawn
 34709 | Swamp:3  | Killed Aizul
 34717 | Swamp:3  | Identified the +6 chain mail of Wasted Space {Dex+4}
 34738 | Swamp:3  | Noticed a tentacled starspawn
 34900 | Swamp:3  | Noticed Donald
 34906 | Swamp:3  | Banished Donald
 35506 | Swamp:4  | Entered Level 4 of the Swamp
 35747 | Swamp:4  | Killed from afar by a will-o-the-wisp

Illustrated notes

Levels and vault maps discovered:
D:1:      psy_arrival_radial02, layout_loops_ring,
          dreamdust_ecumenical_altar_angels_and_demons, serial_shops,
          nicolae_shop_stone, shop, nicolae_square_shop, nicolae_shop_trees,
          lemuel_old_faithful
D:2:      kb_forest_paths, layout_rooms, serial_curves, eino_curves_04,
          eino_curves_04, eino_curves_02, eino_curves_02, minivault_5,
          grunt_ministairs_14
D:3:      layout_basic, grunt_temple_overflow_open,
          amcnicky_mini_rare_corridor_liquid
D:4:      layout_cave_pods, uniq_sigmund
D:5:      layout_basic, serial_shops, nicolae_shop_overgrown_old_shop
D:6:      layout_loops_ring, lemuel_doored_altar, general_overflow_altar,
          nemelex_diamond_rough_becter, minmay_temple_entry_slanted,
          guppyfry_shop_venom, uniq_pikel, uniq_maggie
D:7:      layout_gridville, uniq_joseph, uniq_prince_ribbit1
D:8:      layout_gridville, nicolae_shop_fire_sale [nicolae_sub_dead_trees]
D:9:      layout_basic, erik_lair_dragon, uniq_gastronok
D:10:     layout_basic, zin_academy, fedhas_altar_4, uniq_lodul
D:11:     kennysheep_blocky_hall, layout_basic, portal_ice_cave_rime,
          uniq_maurice
D:12:     layout_irregular_city, uniq_fannar
D:13:     nicolae_cairo_tiling, layout_irregular_city, erik_vaults_2
D:14:     layout_loops_ring, ashenzari_conservatory_becter, serial_shops, shop,
          trog_three_pillars_becter
D:15:     grunt_enter_depths_magical_seal, layout_loops_cross, uniq_nessos
Lair:1:   layout_concentric_octagons, hellmonk_ghost_happy_afterlife,
          lemuel_fruit_fields
Lair:2:   layout_chaotic_city, palyth_hydra_swamp_entry
Lair:3:   layout_regular_city, minmay_snake_entry_guardpost_medium,
          hangedman_lair_unloving_vines, serial_bayou_pond_e
Lair:4:   layout_big_grid, hangedman_tree_tricks
Lair:5:   layout_hall_layers, ebering_ghost_funeral_grove, grunt_megastairs_5,
          lemuel_fruit_tree, serial_bayou_shore_a
Lair:6:   hellmonk_lair_end_abyssal_woods, layout_loops_ring, slime_entry_1,
          gammafunk_ghost_cemetery
Swamp:1:  layout_falls_marsh, nicolae_swamp_decorative_isthmus
Swamp:2:  layout_falls_marsh, evilmike_swamp_ruin_house_1, swamp_pool1,
          nicolae_swamp_oxbows
Swamp:3:  layout_falls_marsh, evilmike_swamp_ruin_house_4, uniq_donald,
          uniq_aizul
Swamp:4:  swamp_pestilence, layout_basic_swamp
Snake:1:  layout_basic, serial_shops, nicolae_shop_advertising_works
          [nicolae_subvault_shop_adworks], uniq_jorgrun
Orc:1:    layout_caves
Orc:2:    st_orc_rangers, layout_diamond_mine, serial_shops, nicolae_shop_trees,
          basic_altar, uniq_snorg

Skill      XL: |  1  2  3  4  5  6  7  8  9 10 11 12 13 14 15 |
---------------+----------------------------------------------+-----
Unarmed Combat | 3 4 5 6 7 9 10 12 13 | 13.2
Invocations    | 6 9 |  9.7
Fighting       | 7 8 10 11 12 | 12.0
Dodging        | 3 6 |  6.5
Throwing       | 6 11 | 11.7
Evocations     | 4 7 |  7.7
Shields        | 8 |  8.3

Action                   |  1- 3 |  4- 6 |  7- 9 | 10-12 | 13-15 || total
-------------------------+-------+-------+-------+-------+-------++-------
Melee: Unarmed           |    97 |    85 |   250 |   526 |   936 ||  1894
       Punch             |     1 |       |    17 |    30 |    33 ||    81
       Staff             |       |       |       |       |     1 ||     1
Throw: Dart              |       |       |    26 |   128 |   211 ||   365
       Boomerang         |       |       |       |    32 |    44 ||    76
       Javelin           |       |       |       |       |    24 ||    24
       Large rock        |       |       |       |       |   129 ||   129
Invok: Depart the Abyss  |     1 |       |     1 |       |       ||     2
       Banish            |       |       |       |    12 |    19 ||    31
       Corrupt           |       |       |       |     2 |     6 ||     8
       Bend Space        |       |       |       |     1 |     4 ||     5
Evoke: Wand              |       |       |       |    11 |    17 ||    28
       Phial of floods   |       |       |       |     1 |     2 ||     3
       Condenser vane    |       |       |       |     1 |     5 ||     6
  Use: Scroll            |       |     6 |    15 |    11 |    11 ||    43
       Potion            |       |       |     4 |     5 |     8 ||    17
 Stab: Sleeping          |       |     1 |       |       |     1 ||     2
       Fleeing           |       |       |       |       |     1 ||     1
Armor: Robe              |    40 |    39 |    19 |       |       ||    98
       Steam dragon scal |       |       |   107 |   218 |   434 ||   759
Dodge: Dodged            |    49 |    46 |   127 |   255 |   883 ||  1360
Block: Kite shield       |       |       |       |       |   588 ||   588

Table legend: (Time is in decaauts)
 A = Elapsed time spent in this place.
 B = Non-inter-level travel time spent in this place.
 C = Inter-level travel time spent in this place.
 D = Time resting spent in this place.
 E = Time spent auto-exploring this place.
 F = Levels seen in this place.
 G = Mean time per level.
                   A        B        C        D        E       F      G
               +--------+--------+--------+--------+--------+-----+--------+
         Total |  35818 |  33397 |   2421 |  11985 |  14675 |  30 | 1193.9 |
       Dungeon |  19171 |  17385 |   1786 |   6240 |   8087 |  15 | 1278.1 |
          Lair |   9969 |   9512 |    457 |   3547 |   4119 |   6 | 1661.5 |
         Swamp |   3375 |   3294 |     81 |   1272 |   1064 |   4 |  843.8 |
     Snake Pit |   1520 |   1460 |     60 |    607 |    584 |   1 | 1520.0 |
  Orcish Mines |   1722 |   1688 |     34 |    319 |    787 |   2 |  861.0 |
         Abyss |     58 |     58 |      0 |      0 |     33 |   2 |   29.0 |
               +--------+--------+--------+--------+--------+-----+--------+

Top non-repeatable levels by time:
  Lair:2: 3342 daAuts
    D:10: 2174 daAuts
     D:8: 2164 daAuts
    D:11: 2054 daAuts
  Lair:6: 1815 daAuts
    D:14: 1731 daAuts
     D:9: 1620 daAuts
  Lair:3: 1605 daAuts
  Lair:5: 1581 daAuts
 Swamp:2: 1554 daAuts
 Snake:1: 1520 daAuts
   Orc:2: 1369 daAuts
     D:7: 1132 daAuts
    D:13: 1102 daAuts
     D:4: 1074 daAuts
